 Dungeon Crawl Stone Soup version 0.31-a0-1620-gcbf77bbcfc (webtiles) character file.

Game seed: 7480782079192427925

16 theswoord the Twirler (level 2, -1/17 HPs)
             Began as a Gargoyle Gladiator on Jan 11, 2024.
             Slain by an adder (3 damage)
             ... on level 2 of the Dungeon.
             The game lasted 00:01:15 (879 turns).

theswoord the Twirler (Gargoyle Gladiator)           Turns: 879, Time: 00:01:17

Health: -1/17      AC:  5    Str: 16 (17) XL:     2   Next: 54%
Magic:  2/2        EV: 11    Int:  5 (8)  God:
Gold:   40         SH:  0    Dex:  9 (11) Spells: 1/1 levels left

rFire   . . .        a - +0 quarterstaff
rCold   . . .        (shield currently unavailable)
rNeg    + . .        b - +0 leather armour
rPois   ∞            (helmet restricted)
rElec   +            (no cloak)
rCorr   .            (no gloves)
SInv    .            (no boots)
Will    .....        (no amulet)
Stlth   +            (no ring)
HPRegen 0.22/turn    (no ring)
MPRegen 0.08/turn

%: no passive effects
@: slowed, very slow
A: sickness immunity, AC +2, negative energy resistance 1, electricity
resistance, torment resistance 1, petrification resistance, antennae 1
a: no special abilities


You were on level 2 of the Dungeon.
You visited 1 branch of the dungeon, and saw 2 of its levels.

You collected 40 gold pieces.

Inventory:

Hand Weapons
 a - a +0 quarterstaff (weapon)
Missiles
 d - 3 throwing nets (quivered)
 e - a javelin
Armour
 b - a +0 leather armour (worn)
 c - a +1 helmet


   Skills:
 - Level 2.1 Fighting
 + Level 3.8 Staves
 - Level 1.7 Throwing
 - Level 2.4 Dodging


You had one spell level left.
You didn't know any spells.
Your spell library was empty.

Dungeon Overview and Level Annotations

Branches:
Dungeon (2/15)

Altars:

Shops:
D:1 [

Annotations:
D:2 Natasha


Innate Abilities, Weirdness & Mutations

You are immune to sickness and miasma.
Your stone body is resilient. (AC +2)
You are immune to poison.
You resist negative energy. (rN+)
You are resistant to electric shocks. (rElec)
You are resistant to unholy torment.
You are immune to petrification.
You have a pair of small antennae on your head.


Message History

Natasha claws you.
You closely miss Natasha. Natasha casts a spell at you.
You feel yourself slow down.
You closely miss Natasha. Natasha claws you but does no damage.
Natasha barely misses you.
The frilled lizard hisses angrily.
You hit Natasha but do no damage.
Natasha stares at you and mumbles some strange words.
The magic dart hits you.
* * * LOW HITPOINT WARNING * * *
A kobold comes into view. It is wielding a +0 club.
You closely miss Natasha.
The kobold shouts!
Natasha casts a spell.
Natasha claws you but does no damage.
It was a potion of degeneration.
There was something very wrong with that liquid.
You feel weakened.
You feel dopey.
You feel clumsy.
A quokka comes into view.
Natasha claws you but does no damage. The frilled lizard barely misses you.
The cerulean imp hits you from afar with a +1 spear.
* * * LOW HITPOINT WARNING * * *
It was a potion of mutation.
You feel extremely strange. A pair of antennae grows on your head!
Your +1 helmet falls away!
Natasha claws you but does no damage. The frilled lizard barely misses you.
The cerulean imp hits you but does no damage.
The adder misses you. Natasha closely misses you.
The frilled lizard closely misses you.
The cerulean imp hits you from afar with a +1 spear.
* * * LOW HITPOINT WARNING * * *
You barely miss Natasha.
The rat squeaks loudly.
You hear an angry hiss.
The adder bites you but does no damage. The giant cockroach bites you.
* * * LOW HITPOINT WARNING * * *
Natasha claws you.
* * * LOW HITPOINT WARNING * * *
The giant cockroach closely misses you. The adder bites you.
You die...

.... #..## # #...
#. ### ##..###
##.##.. .....
#.#....5### #..#
.r...KhS.!#####..#
#@.........#
#lB.######.#####.#
.....#.# #........
.. BS....#.#.#
#######.# .#
#.##..#.#.#
..#.##..#.#.# #
#.#.##..#.#.#
##.##.#.........#
......!.....#


You could see Natasha, a cerulean imp (summoned), an adder, a giant cockroach, a
kobold, a frilled lizard and a rat.

Vanquished Creatures
  A dart slug (D:1)
  2 ball pythons (D:1)
  2 goblins (D:1)
  A hobgoblin (D:1)
  2 kobolds (D:1)
  2 quokkas (D:1)
  2 rats (D:1)
12 creatures vanquished.

Notes
Turn   | Place    | Note
-------+----------+-------------------------------------------
     0 | D:1      | theswoord the Gargoyle Gladiator began the quest for the
                  | Orb.
     0 | D:1      | Reached XP level 1. HP: 12/12 MP: 1/1
    94 | D:1      | Reached XP level 2. HP: 17/17 MP: 2/2
   694 | D:1      | Found Xumexzesm's Antique Armour Shop.
   869 | D:2      | Noticed Natasha
   878 | D:2      | Gained mutation: You have a pair of small antennae on your
                  | head. [potion of mutation]
   879 | D:2      | Slain by an adder

Action                     || total
---------------------------++-------
  Melee: Quarterstaff      ||    32
    Use: Scroll            ||     2
         Potion            ||     2
 Armour: Leather armour    ||    27
  Dodge: Dodged            ||    21

Levels and vault maps discovered:
D:1:      dpeg_arrival_tiny_a, layout_loops_corners, serial_shops,
          nicolae_shop_just_a_little_nook, nicolae_houndstooth_variations
D:2:      layout_loops_ring, uniq_natasha
